 Dungeon Crawl Stone Soup version 0.21.1-1-g345015fe64 (webtiles) character file.

46 Ivernyr the Charmwright (level 3, 0/28 HPs)
             Began as a Demonspawn Skald on Apr 25, 2018.
             Slain by a kobold (2 damage)
             ... on level 2 of the Dungeon.
             The game lasted 00:02:38 (1241 turns).

Ivernyr the Charmwright (Demonspawn Skald)          Turns: 1241, Time: 00:02:38

Health: 0/28       AC:  5    Str: 11    XL:     3   Next: 44%
Magic:  5/6        EV: 12    Int: 14    God:
Gold:   56         SH:  4    Dex: 13    Spells: 1/6 levels left

rFire    . . .     SeeInvis .   a - +0 falchion
rCold    . . .     Gourm    .   (no shield)
rNeg     . . .     Faith    .   b - +0 leather armour
rPois    .         Spirit   .   (no helmet)
rElec    .         Reflect  +   (no cloak)
rCorr    .         Harm     .   (no gloves)
MR       .....     Rnd*Tele +   (no boots)
Stlth    +.........             f - +4 amulet of reflection
HPRegen  0.09/turn              i - ring of teleportation (curse)
MPRegen  0.10/turn              (no ring)

@: lethally poisoned (0 -> -6)
A: thin metallic scales 1
a: no special abilities


You were on level 2 of the Dungeon.
You were not hungry.

You visited 1 branch of the dungeon, and saw 2 of its levels.

You collected 56 gold pieces.

Inventory:

Hand Weapons
 a - a +0 falchion (weapon)
Armour
 b - a +0 leather armour (worn)
Jewellery
 f - a +4 amulet of reflection (around neck)
 i - a cursed ring of teleportation (left hand)
Scrolls
 e - 2 scrolls of identify {unknown}
 j - a scroll of enchant weapon {unknown}
 m - a scroll of remove curse {unknown}
Potions
 g - 2 potions of resistance {unknown}
 h - a potion of flight {unknown}
 k - a potion of mutation {unknown}
 l - a potion of lignification {unknown}
Books
 c - a book of Battle

   Spells                             Type                      Level
   a - Infusion                       Charms                       1
   b - Shroud of Golubria             Charms/Translocation         2
   c - Song of Slaying                Charms                       2
   d - Spectral Weapon                Hexes/Charms                 3
   e - Regeneration                   Charms/Necromancy            3
Comestibles
 d - 2 rations


   Skills:
 + Level 2.5 Fighting
 - Level 1.7 Long Blades
 * Level 2.2 Armour
 - Level 1.7 Dodging
 - Level 2.0 Spellcasting
 + Level 3.1 Charms


You had one spell level left.
You knew the following spells:

 Your Spells              Type           Power        Failure   Level  Hunger
a - Shroud of Golubria    Chrm/Tloc      #.........   26%         2    ###....
b - Song of Slaying       Chrm           ##......     13%         2    ###....
c - Infusion              Chrm           ##..         9%          1    ##.....


Dungeon Overview and Level Annotations

Branches:
Dungeon (2/15)

Altars:


Innate Abilities, Weirdness & Mutations

You are partially covered in thin metallic scales. (AC +2)


Message History

You kill the adder!
* * * LOW HITPOINT WARNING * * *
You feel sick. The kobold hits you but does no damage.
* * * LOW HITPOINT WARNING * * *
You feel sick.
You see here an adder corpse.
* * * LOW HITPOINT WARNING * * *
You feel sick.
You barely miss the kobold.
* * * LOW HITPOINT WARNING * * *
You feel sick. The kobold closely misses you.
You hit the kobold.
The kobold is severely wounded.
* * * LOW HITPOINT WARNING * * *
You feel sick. You block the kobold's attack. The kobold barely misses you.
You closely miss the kobold.
The kobold is severely wounded.
* * * LOW HITPOINT WARNING * * *
You feel sick. The kobold hits you.
You die...

### #.. #.# #.#
####.######### ####
#....@.......#
.....##.##K#######.#
####....†..# #.#
........#### #.#
####..#%#
#######.#########
.... .K#
.................
#.## ...#
#######.######### #
.##.# #.# #> #.#
#.#########


You could see a kobold.

Vanquished Creatures
  2 adders (D:2)
  2 goblins (D:1)
  4 hobgoblins
  6 jackals (D:1)
  5 kobolds (D:1)
  2 bats (D:1)
  3 frilled lizards
  3 rats (D:1)
27 creatures vanquished.

Notes
Turn   | Place    | Note
-------+----------+-------------------------------------------
     0 | D:1      | Ivernyr the Demonspawn Skald began the quest for the Orb.
     0 | D:1      | Reached XP level 1. HP: 16/16 MP: 3/3
    50 | D:1      | Reached skill level 1 in Armour
   164 | D:1      | Gained mutation: You are partially covered in thin metallic scales. (AC +2) [demonic ancestry]
   164 | D:1      | Reached XP level 2. HP: 22/22 MP: 5/5
   780 | D:1      | Learned a level 2 spell: Song of Slaying
   783 | D:1      | Learned a level 2 spell: Shroud of Golubria
  1000 | D:1      | Reached skill level 3 in Charms
  1227 | D:2      | Reached XP level 3. HP: 20/28 MP: 3/6
  1241 | D:2      | Slain by a kobold

Skill      XL: |  1  2 |
---------------+-------+-----
Armour         | 1 2 |  2.2
Charms         | 3 |  3.1
Fighting       | |  2.5
Long Blades    | |  1.7
Dodging        | |  1.7
Spellcasting   | |  2.0

Action                   || total
-------------------------++-------
Melee: Falchion          ||   102
 Cast: Shroud of Golubri ||     1
  Eat: Chunk             ||     1
Armor: Leather armour    ||    35
Dodge: Dodged            ||    77
Block: Other             ||    12
       Rpst.: Falchion   ||    24
